 Dungeon Crawl Stone Soup version 0.31.0-11-ge490571c62 (webtiles) character file.

Game seed: 1079544635418414794

203 monsoonserge the Covert (level 5, -17/28 HPs)
             Began as a Spriggan Delver on Jan 30, 2024.
             Shot with a bolt by a yaktaur (38 damage)
             ... led by a yaktaur captain
             ... on level 1 of the Vaults.
             The game lasted 00:10:36 (1373 turns).

monsoonserge the Covert (Spriggan Delver)           Turns: 1373, Time: 00:10:38

Health: -17/28     AC:  2    Str:  8    XL:     5   Next: 51%
Magic:  6/6        EV: 18    Int: 12    God:
Gold:   100        SH:  0    Dex: 18    Spells: 4/4 levels left

rFire   + . .        m - +3 rapier of Leronuku {pain, rF+}
rCold   . . .        (no shield)
rNeg    . . .        b - +0 robe
rPois   .            (helmet restricted)
rElec   .            (no cloak)
rCorr   .            (gloves unavailable)
SInv    +            (boots unavailable)
Will    .....        i - amulet of regeneration
Stlth   ++++         (no ring)
HPRegen 1.04/turn    (no ring)
MPRegen 0.10/turn

%: no passive effects
@: very quick
A: very small, no large weapons, unfitting armour, see invisible, speed 3
a: no special abilities


You were on level 1 of the Vaults.
You visited 2 branches of the dungeon, and saw 10 of its levels.

You collected 100 gold pieces.

Inventory:

Hand Weapons
 m - the +3 rapier of Leronuku (weapon) {pain, rF+}
   (You found it on level 9 of the Dungeon)

   rF+:       It protects you from fire.
 n - the +3 long sword of Symmetry {freeze, rPois rF+++ Will- Dex-4}
   (You found it on level 10 of the Dungeon)

   Dex-4:     It affects your dexterity (-4).
   rF+++:     It renders you almost immune to fire.
   rPois:     It protects you from poison Will-: It decreases your willpower.
Armour
 b - a +0 robe (worn)
Jewellery
 i - an amulet of regeneration (around neck)
Wands
 g - a wand of digging (3)
Scrolls
 e - a scroll of fear
 j - 2 scrolls of enchant weapon {unknown}
 l - 3 scrolls of noise {unknown}
 p - a scroll of blinking {unknown}
 q - 3 scrolls of teleportation {unknown}
 r - a scroll of identify {unknown}
Potions
 f - a potion of haste
 h - a potion of attraction {unknown}
 k - a potion of ambrosia {unknown}
 o - a potion of berserk rage {unknown}


   Skills:
 + Level 3.1 Fighting
 * Level 4.3 Short Blades
 + Level 3.2 Dodging
 - Level 9.0 Stealth


You had 4 spell levels left.
You didn't know any spells.
Your spell library was empty.

Dungeon Overview and Level Annotations

Branches:
Dungeon (14/15)               Orc (0/2) D:10         Vaults (1/5) D:14
 Temple: D:4-7         Lair: D:8-11

Altars:
Ashenzari
Kikubaaqudgha
Vehumet

Shops:
D:5 *

Annotations:
D:5 Edmund
D:11 Harold, Snorg
D:14 Rupert


Innate Abilities, Weirdness & Mutations

You are very small and have problems with some larger weapons.
You are too small for most types of armour.
You have supernaturally acute eyesight. (SInv)
You cover ground extremely quickly. (Speed+++)


Message History

Found 16 gold pieces.
Found a stone staircase leading down.
There is a stone staircase leading down here.
You open the door.
Rupert the Wild comes into view.
He is wielding a +2 great mace of holy wrath and wearing a +1 chain mail of positive energy.
Rupert shouts!
There is an open door here.
You close the door.
You open the door.
There is an open door here.
You open the door.
There is an open door here.
Found a ring mail.
You close the door.
Found 28 gold pieces.
You open the door.
There is an open door here.
You close the door.
Found a scroll labelled FOMEATHR KAENO.
l - 3 scrolls labelled FOMEATHR KAENO (gained 1)
There are no items here.
A vault guard comes into view. It is wielding a +0 dire flail.
Found 457 gold pieces.
A glowing orange brain comes into view.
Found a gate to the Vaults.
The vault guard shouts!
There is a gate to the Vaults here.
You cannot leave the Vaults without holding a Rune of Zot, and the runes within are jealously guarded.
Continue? (Confirm with "yes".)
You go down through the gate.
Welcome to the Vaults!
The door slams shut behind you.
This branch contains the silver rune of Zot.
There is a gate leading back out of this place here.
The helpless yaktaur fails to defend itself.
You skewer the yaktaur like a kebab!!!
The yaktaur is almost dead.
The yaktaur captain shouts!
The yaktaur shouts!
The yaktaur hits you!
The yaktaur wields a +0 arbalest.
The yaktaur shoots a bolt.
The bolt hits you!!!
Ouch! That really hurt!
You die...

#+######
#.c....#
#...c..#
#...@..#
#c.....+
#......#
#......#
########


You could see a yaktaur captain and 2 yaktaurs.

Vanquished Creatures
  A wraith (D:10)
  An iguana (D:6)
  An orc wizard (D:12)
  An adder (D:6)
  An orc (D:12)
5 creatures vanquished.

Notes
Turn   | Place    | Note
-------+----------+-------------------------------------------
     0 | D:5      | monsoonserge the Spriggan Delver began the quest for the
                  | Orb.
     0 | D:5      | Reached XP level 1. HP: 11/11 MP: 2/2
    77 | D:5      | Noticed a hound
   258 | D:6      | Noticed an iguana
   264 | D:6      | Noticed a hound
   285 | D:7      | Noticed a killer bee
   287 | D:7      | Noticed a killer bee
   287 | D:7      | Noticed a killer bee
   296 | D:6      | Noticed an iguana
   297 | D:6      | Killed an iguana
   298 | D:6      | Reached skill level 8 in Stealth
   298 | D:6      | Reached XP level 2. HP: 16/16 MP: 3/3
   349 | D:6      | Reached XP level 3. HP: 19/19 MP: 4/4
   400 | D:5      | Noticed Edmund
   537 | D:7      | Noticed a water moccasin
   589 | D:7      | You fall into a shaft and drop 2 floors!
   590 | D:9      | Noticed a bullfrog
   618 | D:9      | Identified the +3 rapier of Leronuku {pain, rF+}
   623 | D:10     | Entered Level 10 of the Dungeon
   624 | D:10     | Noticed a hornet
   638 | D:10     | Noticed an orc warrior
   640 | D:10     | Found a staircase to the Orcish Mines.
   644 | D:10     | Identified the +3 long sword of Symmetry {freeze, rPois
                  | rF+++ Will- Dex-4}
   644 | D:10     | Noticed an orc warrior
   659 | D:10     | Noticed a wraith
   696 | D:10     | Noticed a kobold brigand
   699 | D:10     | Found a broken altar of Ashenzari.
   699 | D:10     | Found an ancient bone altar of Kikubaaqudgha.
   725 | D:10     | Killed a wraith
   726 | D:10     | Reached skill level 9 in Stealth
   726 | D:10     | Reached XP level 4. HP: 24/24 MP: 5/5
   726 | D:10     | Reached XP level 5. HP: 28/28 MP: 6/6
   788 | D:11     | Noticed Harold
   802 | D:11     | Noticed a wraith
   872 | D:11     | Noticed a centaur
  1064 | D:10     | Noticed a wraith
  1127 | D:11     | Noticed Snorg
  1148 | D:12     | Noticed a troll
  1166 | D:12     | Noticed a purple ugly thing
  1205 | D:12     | Noticed an orc warrior
  1218 | D:14     | Noticed a laughing skull
  1218 | D:14     | Noticed a laughing skull
  1218 | D:14     | Noticed a deep elf pyromancer
  1228 | D:14     | Noticed a two-headed ogre
  1238 | D:14     | Noticed a centaur
  1241 | D:14     | Noticed a centaur warrior
  1241 | D:14     | Noticed a centaur
  1246 | D:14     | Noticed an efreet
  1248 | D:14     | Found a radiant altar of Vehumet.
  1250 | D:14     | Noticed a boulder beetle
  1276 | D:14     | Noticed Rupert
  1328 | D:14     | Noticed a vault guard
  1330 | D:14     | Noticed a glowing orange brain
  1331 | D:14     | Found a gate to the Vaults.
  1372 | Vaults:1 | Entered Level 1 of the Vaults
  1372 | Vaults:1 | Noticed a yaktaur captain
  1372 | Vaults:1 | Noticed a yaktaur
  1372 | Vaults:1 | Noticed a yaktaur
  1373 | Vaults:1 | Shot with a bolt by a yaktaur

Illustrated notes

Levels and vault maps discovered:
D:5:      layout_gridville, gammafunk_ghost_nasty_kobolds, serial_shops, shop,
          uniq_edmund
D:6:      layout_layer_cave
D:7:      layout_basic
D:9:      layout_small_grid
D:10:     layout_basic, gammafunk_temple_overflow_elements, erik_lair_dragon,
          david_orc_2
D:11:     layout_irregular_city, nicolae_trove_entry_free_sample,
          nrook_pool_corridor, uniq_snorg, uniq_harold
D:12:     layout_basic, serial_rivers, chequers_serial_rivers_small_b,
          chequers_serial_rivers_micro_d, chequers_serial_rivers_micro_a,
          chequers_serial_rivers_large_b, chequers_serial_rivers_micro_e,
          chequers_serial_rivers_marsh, hangedman_decor_growths, uniq_kirke
D:13:     layout_cave_pools, drop_trap, amethyst_killhole, st_stairs_10
D:14:     layout_stronghold, hellmonk_vaults_order_and_chaos, vehumet_crystals,
          grunt_decor_arrowhead, uniq_rupert
Vaults:1: nicolae_vaults_trapezoid_lopsided_3, nicolae_vaults_storage_closets_2,
          ontoclasm_vaults_eye, vaults_dpeg_diagonal,
          nicolae_vaults_border_crossing, nicolae_vaults_house_3,
          vaults_room_ringed_pool, v_rooms_5, grunt_vaults_hallway_long,
          minmay_orc_keep, layout_vaults_omnibox, serial_shops, shop_statue

Skill      XL: |  1  2  3 |
---------------+----------+-----
Stealth        | 8 9 |  9.0
Fighting       | 3 |  3.1
Short Blades   | 4 |  4.3
Dodging        | 3 |  3.2

Action                     |  1- 3 |  4- 6 || total
---------------------------+-------+-------++-------
  Melee: Short sword       |     8 |       ||     8
         Rapier            |     3 |    14 ||    17
    Use: Scroll            |       |     4 ||     4
   Stab: Sleeping          |     2 |     2 ||     4
 Armour: Robe              |     3 |    13 ||    16
  Dodge: Dodged            |     8 |    16 ||    24
